 Dungeon Crawl Stone Soup version 0.28-a0-984-g3775c662fe (webtiles) character file.

Game seed: 14390978356347049665

44171 KennySheep the Basher (level 13, -10/131 HPs)
             Began as a Troll Monk on Dec 3, 2021.
             Was a High Priest of the Shining One.
             Killed from afar by an ironbound frostheart (30 damage)
             ... by creeping frost
             ... in an ice cave.
             The game lasted 00:46:21 (14324 turns).

KennySheep the Basher (Troll Monk)                 Turns: 14324, Time: 00:46:22

Health: -10/131    AC:  9    Str: 26    XL:     13   Next: 94%
Magic:  17/19      EV: 13    Int: 12    God:    the Shining One [*****.]
Gold:   638        SH: 10    Dex: 12    Spells: 12/12 levels left

rFire   . . .      SeeInvis .   a - +5 giant spiked club (holy)
rCold   . . .      Faith    .   (shield currently unavailable)
rNeg    + + .      Spirit   .   P - +1 troll leather armour
rPois   .          Reflect  .   l - +1 hat
rElec   .          Harm     .   u - +0 cloak
rCorr   .          Rampage  .   (gloves unavailable)
Will    .....                   (boots unavailable)
Stlth   +.........              D - amulet of regeneration
HPRegen 2.71/turn               r - +6 ring of intelligence
MPRegen 0.16/turn               O - +4 ring of slaying

@: divinely shielded, about to teleport, frozen, glowing, very slow
A: large, unfitting armour, claws 3, regeneration 1, shaggy fur 1, tough skin 1
a: Renounce Religion, Divine Shield, Cleansing Flame, Summon Divine Warrior


You were in an ice cave.
You worshipped the Shining One.
The Shining One was extremely pleased with you.
You visited 2 branches of the dungeon, and saw 18 of its levels.
You also visited: Ice Cave.

You collected 1360 gold pieces.
You spent 722 gold pieces at shops.

Inventory:

Hand Weapons
 a - a +5 giant spiked club of holy wrath (weapon)
 b - a +1 whip of venom
Missiles
 t - 3 throwing nets
 v - 4 large rocks (quivered)
Armour
 l - a +1 hat (worn)
 u - a +0 cloak (worn)
 P - a +1 troll leather armour (worn)
 U - a scarf of harm
Jewellery
 d - a +6 ring of strength
 h - a ring of flight
 r - a +6 ring of intelligence (left claw)
 A - a ring of wizardry
 D - an amulet of regeneration (around neck)
 O - a +4 ring of slaying (right claw)
 V - a +4 ring of evasion
 W - a +4 ring of evasion
Wands
 s - a wand of polymorph (1)
 w - a wand of iceblast (11)
 E - a wand of flame (22)
 I - a wand of paralysis (8)
 M - a wand of digging (3)
Scrolls
 f - 7 scrolls of teleportation
 g - 4 scrolls of immolation
 i - 3 scrolls of fog
 k - a scroll of torment
 m - 2 scrolls of vulnerability
 p - 6 scrolls of fear
 y - 2 scrolls of noise
 B - 2 scrolls of blinking
 G - 3 scrolls of magic mapping
 H - 2 scrolls of summoning
 J - a scroll of amnesia
 N - a scroll of silence
 Q - a scroll of brand weapon
 R - 7 scrolls of identify
 X - a scroll of enchant armour {unknown}
Potions
 c - a potion of ambrosia
 e - 3 potions of heal wounds
 j - 3 potions of mutation
 n - 2 potions of cancellation {unknown}
 o - a potion of flight {unknown}
 q - 3 potions of curing
 x - a potion of magic {unknown}
 z - 2 potions of lignification
 F - a potion of invisibility {unknown}
 K - 2 potions of attraction {unknown}
 L - 3 potions of brilliance {unknown}
 S - 2 potions of haste {unknown}
 T - a potion of degeneration {unknown}
Miscellaneous
 C - a box of beasts


   Skills:
 + Level 9.3 Fighting
 * Level 13.4 Maces & Flails
 + Level 7.4 Throwing
 + Level 9.2 Dodging
 - Level 1.0 Stealth
 - Level 3.6 Unarmed Combat
 + Level 9.6 Invocations


You had 12 spell levels left.
You didn't know any spells.
Your spell library contained the following spells:

 Spells                   Type           Power      Damage    Failure   Level
 Beastly Appendage        Tmut           0%         N/A       36%         1
 Wereblood                Tmut           0%         N/A       50%         2
 Dazzling Flash           Conj/Hex       0%         N/A       75%         3
 Gell's Gravitas          Tloc           0%         N/A       75%         3
 Spider Form              Tmut/Pois      0%         N/A       75%         3
 Teleport Other           Tloc           0%         N/A       75%         3
 Leda's Liquefaction      Hex/Erth       0%         N/A       98%         4
 Summon Lightning Spire   Summ/Air       0%         N/A       98%         4
 Agony                    Necr           0%         N/A       100%        5
 Fireball                 Conj/Fire      0%         3d3       100%        5
 Iskenderun's Battlesphe  Conj           0%         2d6       100%        5
 Lee's Rapid Deconstruct  Erth           0%         3d5*      100%        5
 Silence                  Hex/Air        0%         N/A       100%        5
 Conjure Ball Lightning   Conj/Air       0%         3x3d6     100%        6
 Dispersal                Tloc           0%         N/A       100%        6
 Statue Form              Tmut/Erth      0%         N/A       100%        6
 Orb of Destruction       Conj           0%         N/A       100%        7
 Storm Form               Tmut/Air       0%         N/A       100%        7
 Maxwell's Capacitive Co  Air            0%         ∞         100%        8


Dungeon Overview and Level Annotations

Branches:
Dungeon (13/15)            Temple (0/1) D:7            Lair (5/6) D:10
 Shoals (0/4) Lair:4       Spider (0/4) Lair:2          Orc (0/2) D:10
  IceCv (1/1)
  Slime: Lair:5-6    Vaults: D:13-14

Altars:
Cheibriados
Fedhas
Gozag
Makhleb
Nemelex Xobeh
Vehumet
Wu Jian
The Shining One

Shops:
D:2 (   D:8 [   D:10 *   D:11 *

Annotations:
D:5 1 runed translucent door, Crazy Yiuf
D:6 4 runed translucent doors
Lair:2 3 runed translucent doors, bronco's ghost, journeyman VSBr


Innate Abilities, Weirdness & Mutations

You are too large for most types of armour.
You have claws for hands.
Your natural rate of healing is unusually fast.
You are covered in fur. (AC +1)
You have tough skin. (AC +1)


Message History

The death yak gores you but does no damage.
The ironbound frostheart calls freezing cold from the walls.
The frost grips you!!
You hit the death yak but do no damage. The death yak barely misses you.
Your divine shield is renewed.
The death yak barely misses you. The death yak misses you.
The ironbound frostheart calls freezing cold from the walls.
The frost grips you!!!
You hammer the death yak like a gong!!!
The death yak is heavily wounded.
The ice encasing you melts away. The death yak gores you.
You block the death yak's attack.
You hit the death yak but do no damage.
The death yak is heavily wounded.
You block the death yak's attack. x2
You bludgeon the death yak!!
The death yak is almost dead.
The death yak closely misses you. The death yak gores you.
You impale the death yak!!
You kill the death yak!
The death yak misses you. You block the death yak's attack.
You bludgeon the ironbound frostheart!!
The ironbound frostheart is moderately wounded.
You block the death yak's attack.
You hit the ironbound frostheart.
The ironbound frostheart is lightly wounded.
The ironbound frostheart calls freezing cold from the walls.
The frost grips you!!
You are encased in ice.
The death yak misses you. The ironbound frostheart misses you.
The ironbound frostheart calls freezing cold from the walls.
The frost grips you!!! The Shining One protects you from harm!
As you read the scroll of teleportation, it crumbles to dust.
You feel strangely unstable. The death yak gores you!!
* * * LOW HITPOINT WARNING * * *
The ironbound frostheart barely misses you.
The ironbound frostheart calls freezing cold from the walls.
The frost grips you!!
You die...

[# ### $. #.## ###.
#####..# ##...
###.††.### #..hY
##...#....###
#Ypp###..####.....##
#...##p@#####.....###
###.Y##pY.######....##
#.Y###..⌠..# ##....##
###.#.#..[## ###...##
##.###### #########..#
### ###....##.†.##
###...#....####
###....#######
##...#### ##


You could see a death yak and 2 ironbound frosthearts.

Vanquished Creatures
  Gastronok (Lair:3)
  An azure jelly (Lair:4)
  3 hydras
  3 two-headed ogres
  4 death yaks (IceCv)
  Sonja (D:11)
  3 skeletal warriors (D:13)
  Pikel (D:5)
  An ugly thing (D:12)
  An orb spider (Lair:2)
  2 manticores
  A merfolk siren (Lair:4)
  4 black mambas
  An ice statue (IceCv)
  A torpor snail (Lair:2)
  8 cane toads
  A komodo dragon (Lair:2)
  Psyche (D:9)
  2 rime drakes (Lair:4)
  2 trolls
  3 hornets
  3 merfolk (Lair:4)
  4 blink frogs (Lair:4)
  10 polar bears
  5 slime creatures
  3 dream sheep (Lair:2)
  4 wyverns
  A wraith (D:11)
  54 yaks
  2 shadows (D:12)
  2 vampires
  2 basilisks
  A steam dragon (Lair:2)
  7 vampire mosquitoes (D:11)
  3 wargs (D:10)
  2 acid dragons
  13 water moccasins
  9 orc warriors
  2 black bears
  2 ice beasts
  2 sky beasts
  3 ogres
  14 wolves (IceCv)
  3 centaurs
  5 necrophages
  2 phantoms
  Blork the orc (D:6)
  4 kobold brigands
  15 bullfrogs
  2 scorpions
  A water moccasin zombie (D:6)
  7 killer bees (D:8)
  13 wights
  A bullfrog zombie (D:7)
  7 centaur zombies
  A centaur skeleton (D:6)
  3 hounds
  3 gnoll shamans
  6 orc priests
  4 iguanas
  10 jellies
  8 orc wizards
  A killer bee zombie (D:6)
  2 howler monkey zombies
  14 gnolls
  A howler monkey skeleton (D:4)
  7 adders
  15 white imps
  4 worms
  2 dart slugs
  34 orcs
  13 endoplasms
  2 giant cockroaches (D:4)
  4 goblins
  7 hobgoblins
  8 jackals
  2 quokkas
  2 ball pythons (D:2)
  8 bats
  3 frilled lizards
  26 kobolds
  8 rats
452 creatures vanquished.

Vanquished Creatures (collateral kills)
  A basilisk (Lair:5)
  A white imp (Lair:5)
2 creatures vanquished.

Vanquished Creatures (others)
  2 wolves (IceCv)
  14 fungi
  7 plants
  10 toadstools (D:6)
33 creatures vanquished.

Grand Total: 487 creatures vanquished

Notes
Turn   | Place    | Note
-------+----------+-------------------------------------------
     0 | D:1      | KennySheep the Troll Monk began the quest for the Orb.
     0 | D:1      | Reached XP level 1. HP: 22/22 MP: 0/0
   230 | D:1      | Reached XP level 2. HP: 29/29 MP: 1/1
   555 | D:1      | Found a faded altar of an unknown god.
   581 | D:1      | Prayed at the altar of an unknown god.
   581 | D:1      | Became a worshipper of the Shining One
   581 | D:1      | Reached * piety under the Shining One
   581 | D:1      | Reached ** piety under the Shining One
   893 | D:2      | Reached XP level 3. HP: 36/36 MP: 2/2
  1062 | D:2      | Found Alolanes's Weapon Emporium.
  1175 | D:2      | Reached *** piety under the Shining One
  1478 | D:2      | Reached skill level 1 in Maces & Flails
  1478 | D:2      | Reached skill level 1 in Invocations
  1478 | D:2      | Reached XP level 4. HP: 40/44 MP: 3/3
  2315 | D:3      | Reached XP level 5. HP: 53/53 MP: 5/5
  2367 | D:4      | Reached skill level 2 in Maces & Flails
  2438 | D:4      | Noticed a black bear
  2549 | D:4      | Noticed a phantom
  2567 | D:3      | Killed a phantom
  2568 | D:3      | Reached skill level 3 in Maces & Flails
  2568 | D:3      | Reached XP level 6. HP: 61/61 MP: 6/6
  2808 | D:4      | Reached XP level 7. HP: 63/68 MP: 7/7
  2940 | D:4      | Gained mutation: You are clumsy. (Dex -2) [potion of
                  | mutation]
  2940 | D:4      | Lost mutation: You are clumsy. (Dex -2) [potion of
                  | mutation]
  3014 | D:4      | Reached skill level 4 in Maces & Flails
  3181 | D:5      | Entered Level 5 of the Dungeon
  3251 | D:5      | Noticed a yak
  3251 | D:5      | Noticed a yak
  3251 | D:5      | Noticed a yak
  3259 | D:5      | Killed a yak
  3262 | D:5      | Killed a yak
  3263 | D:5      | Reached skill level 5 in Maces & Flails
  3263 | D:5      | Reached XP level 8. HP: 32/78 MP: 6/9
  3800 | D:5      | Noticed Pikel
  3812 | D:5      | Killed Pikel
  3813 | D:5      | Reached skill level 5 in Fighting
  3813 | D:5      | Reached skill level 6 in Maces & Flails
  3912 | D:5      | Found a radiant altar of Vehumet.
  3922 | D:5      | Found a runed translucent door.
  3923 | D:5      | Noticed Crazy Yiuf
  4071 | D:5      | Reached skill level 5 in Dodging
  4271 | D:6      | Reached **** piety under the Shining One
  4272 | D:6      | Reached XP level 9. HP: 85/88 MP: 11/11
  4279 | D:6      | Noticed Blork the orc
  4283 | D:6      | Killed Blork the orc
  4399 | D:6      | Found a sparkling altar of Nemelex Xobeh.
  4501 | D:6      | Found a large runed translucent door.
  4502 | D:6      | Found a large runed translucent door.
  4507 | D:6      | Found a large runed translucent door.
  4507 | D:6      | Found a large runed translucent door.
  4508 | D:6      | Noticed a two-headed ogre
  4672 | D:6      | Reached skill level 7 in Maces & Flails
  4713 | D:6      | Reached skill level 5 in Invocations
  5012 | D:6      | Reached skill level 8 in Maces & Flails
  5257 | D:7      | Found a staircase to the Ecumenical Temple.
  5487 | D:7      | Reached XP level 10. HP: 98/98 MP: 13/13
  6233 | D:8      | Found a burning altar of Makhleb.
  6360 | D:8      | Reached skill level 1 in Throwing
  6486 | D:8      | Found Feob's Antique Armour Shoppe.
  6980 | D:9      | Reached skill level 9 in Maces & Flails
  7022 | D:9      | Reached ***** piety under the Shining One
  7175 | D:9      | Found an ornate altar of the Wu Jian Council.
  7218 | D:9      | Found a snail-covered altar of Cheibriados.
  7260 | D:9      | Noticed Psyche
  7267 | D:9      | Killed Psyche
  7390 | D:9      | Noticed a two-headed ogre
  7398 | D:9      | Killed a two-headed ogre
  7544 | D:10     | Entered Level 10 of the Dungeon
  7563 | D:10     | Found Gozag's Platinum Reserve.
  7582 | D:10     | Reached XP level 11. HP: 107/107 MP: 14/14
  7690 | D:10     | Found a staircase to the Orcish Mines.
  7758 | D:10     | Found an opulent altar of Gozag.
  7835 | D:10     | Found a staircase to the Lair.
  7908 | D:10     | Found a blossoming altar of Fedhas.
  7921 | D:10     | Noticed a two-headed ogre
  7928 | D:10     | Killed a two-headed ogre
  8290 | D:11     | Reached skill level 10 in Maces & Flails
  8434 | D:11     | Found Fytago's Assorted Antiques.
  8439 | D:11     | Bought a runed troll leather armour for 684 gold pieces
  8439 | D:11     | Bought a scroll labelled ADYCSY SAOJEETHI for 38 gold
                  | pieces
  8476 | D:11     | You fall into a shaft and drop 1 floor!
  8701 | D:11     | Noticed Sonja
  8705 | D:11     | Killed Sonja
  9070 | D:12     | Noticed a cyan ugly thing
  9077 | D:12     | Killed a cyan ugly thing
  9154 | D:12     | Noticed an eight-headed hydra
  9158 | D:12     | Killed an eight-headed hydra
  9261 | D:12     | Noticed a two-headed ogre
  9267 | D:12     | Killed a two-headed ogre
  9268 | D:12     | Reached XP level 12. HP: 30/118 MP: 16/16
  9464 | D:12     | Reached skill level 11 in Maces & Flails
  9604 | D:13     | Reached skill level 5 in Throwing
  9853 | Lair:1   | Entered Level 1 of the Lair of Beasts
 10694 | Lair:2   | Found a hole to the Spider Nest.
 11102 | Lair:2   | Found a runed translucent gate.
 11102 | Lair:2   | Found a runed translucent gate.
 11102 | Lair:2   | Found a runed translucent gate.
 11131 | Lair:2   | Noticed bronco's ghost (journeyman VSBr)
 11206 | Lair:2   | Reached skill level 12 in Maces & Flails
 11713 | Lair:3   | Noticed Gastronok
 11724 | Lair:3   | Killed Gastronok
 11893 | Lair:3   | Noticed a six-headed hydra
 11901 | Lair:3   | The Shining One protects you from harm!
 11903 | Lair:3   | Killed a six-headed hydra
 12008 | Lair:3   | Reached XP level 13. HP: 113/128 MP: 18/18
 13086 | Lair:4   | Found a staircase to the Shoals.
 13303 | Lair:4   | Noticed an azure jelly
 13308 | Lair:4   | Killed an azure jelly
 13802 | Lair:5   | Found a frozen archway.
 13804 | Lair:5   | Reached ****** piety under the Shining One
 13829 | IceCv    | Entered an ice cave
 13931 | IceCv    | Reached skill level 13 in Maces & Flails
 14315 | IceCv    | Identified a +5 giant spiked club of holy wrath (a +3 giant
                  | spiked club of flaming blessed by the Shining One)
 14315 | IceCv    | Received a gift from the Shining One
 14323 | IceCv    | The Shining One protects you from harm!
 14324 | IceCv    | Killed from afar by an ironbound frostheart

Illustrated notes

Levels and vault maps discovered:
D:1:      ncdulo_wetmaze, layout_basic, ebering_ecumenical_altar_mist
D:2:      layout_loops_ring, serial_shops, shop_coins, grunt_ministairs_6
D:3:      layout_basic, bh_walls_and_bars
D:4:      layout_cave_pools, chequers_mini_garden
D:5:      layout_gridville, mainiacjoe_overflow_alcove_1, uniq_pikel,
          uniq_crazy_yiuf_cottage
D:6:      cheibrodos_fertilizer, layout_basic, nemelex_dance_club_becter,
          minmay_hollow_rounded_squares, uniq_blork_the_orc
D:7:      layout_loops_corners, temple_doors_e
D:8:      layout_rooms, mainiacjoe_overflow_boulevard, serial_shops,
          kennysheep_mini, grunt_ministairs_9, minmay_quadrilaterals
D:9:      nicolae_cairo_tiling_very_big, layout_basic, chei_slow_surprise,
          kennysheep_mini_moat, uniq_psyche
D:10:     layout_rooms, nicolae_gozag_zags_fifth_avenue,
          lemuel_coloured_pillars_altar, erik_lair_orcish_takeover, david_orc_4
D:11:     layout_loops_ring, serial_shops, nicolae_shop_hallway_plus, uniq_sonja
D:12:     layout_roguey
D:13:     layout_loops_ring, david_vaults_4, uniq_rupert
Lair:1:   layout_gridlike
Lair:2:   layout_gridlike, nicolae_spider_entry_orb_guardian,
          gammafunk_ghost_icy
Lair:3:   layout_cave_pods, uniq_gastronok
Lair:4:   layout_concentric_octagons, elwin_shoals_entry_stream,
          nicolae_lair_time_for_slime
Lair:5:   layout_long_grid, slime_altar_2, portal_ice_cave_entry_imps,
          infiniplex_staircase_pool_2, grunt_megastairs_3, serial_bayou_shore_b,
          lemuel_fruit_tree
IceCv:    ice_cave_caverns_01

Skill      XL: |  1  2  3  4  5  6  7  8  9 10 11 12 13 |
---------------+----------------------------------------+-----
Maces & Flails | 1 3 5 6 8 9 10 12 13 | 13.4
Invocations    | 1 2 3 4 5 6 7 8 9 |  9.6
Fighting       | 3 4 5 6 7 8 9 |  9.3
Dodging        | 3 4 5 6 7 8 9 |  9.2
Throwing       | 2 4 6 7 |  7.4
Stealth        | |  1.0
Unarmed Combat | |  3.6

Action                   |  1- 3 |  4- 6 |  7- 9 | 10-12 | 13-15 || total
-------------------------+-------+-------+-------+-------+-------++-------
Melee: Unarmed           |    86 |   114 |    23 |       |       ||   223
       Punch             |     2 |     5 |       |       |       ||     7
       Giant club        |       |       |    79 |       |       ||    79
       Giant spiked club |       |       |    93 |   505 |   239 ||   837
Throw: Large rock        |       |       |       |    16 |     6 ||    22
       Throwing net      |       |       |       |     3 |       ||     3
Invok: Divine Shield     |       |       |     5 |    11 |     5 ||    21
       Cleansing Flame   |       |       |       |     1 |     1 ||     2
       Summon Divine War |       |       |       |       |     1 ||     1
       Brand Weapon With |       |       |       |       |     1 ||     1
Evoke: Wand              |       |       |       |     4 |       ||     4
  Use: Potion            |     1 |       |     3 |     1 |       ||     5
       Scroll            |     1 |       |     5 |    12 |     3 ||    21
Armor: Robe              |    28 |    26 |    75 |   132 |       ||   261
       Skin              |       |       |    21 |       |       ||    21
       Troll leather arm |       |       |       |    82 |    68 ||   150
Dodge: Dodged            |    45 |    50 |   110 |   373 |   158 ||   736
Block: Other             |       |       |    29 |    46 |    22 ||    97

Table legend: (Time is in decaauts)
 A = Elapsed time spent in this place.
 B = Non-inter-level travel time spent in this place.
 C = Inter-level travel time spent in this place.
 D = Time resting spent in this place.
 E = Time spent auto-exploring this place.
 F = Levels seen in this place.
 G = Mean time per level.
                   A        B        C        D        E       F      G
               +--------+--------+--------+--------+--------+-----+--------+
         Total |  14652 |  13922 |    730 |   1073 |   9799 |  19 |  771.2 |
       Dungeon |  10082 |   9533 |    549 |    586 |   6879 |  13 |  775.5 |
          Lair |   4060 |   3879 |    181 |    439 |   2678 |   5 |  812.0 |
      Ice Cave |    509 |    509 |      0 |     48 |    241 |   1 |  509.0 |
               +--------+--------+--------+--------+--------+-----+--------+

Top non-repeatable levels by time:
  Lair:3: 1323 daAuts
     D:5: 1099 daAuts
  Lair:2: 1024 daAuts
     D:6: 1020 daAuts
     D:7: 979 daAuts
  Lair:4: 906 daAuts
     D:3: 872 daAuts
     D:1: 835 daAuts
     D:9: 792 daAuts
  Lair:1: 777 daAuts
    D:10: 763 daAuts
    D:11: 748 daAuts
     D:4: 741 daAuts
     D:2: 725 daAuts
    D:12: 673 daAuts
